 Dungeon Crawl Stone Soup version 0.31-a0-1469-gd420192249 (webtiles) character file.

Game seed: 7924817580157622532

55519 holymoly the Severer (level 14, -26/127 HPs)
             Began as a Minotaur Berserker on Dec 28, 2023.
             Was a High Priest of Trog.
             Annihilated by a skyshark (53 damage)
             ... on level 5 of the Lair of Beasts.
             The game lasted 02:02:19 (25878 turns).

holymoly the Severer (Minotaur Berserker)          Turns: 25878, Time: 02:02:20

Health: -26/127    AC: 28    Str: 25    XL:     14   Next: 38%
Magic:  0/13       EV:  2    Int:  4    God:    Trog [*****.]
Gold:   492        SH:  0    Dex: 12    Spells: 13/13 levels left

rFire   . . .        G - +2 war axe (heavy)
rCold   . . .        (no shield)
rNeg    + . .        H - +3 plate armour {rPois}
rPois   +            (helmet restricted)
rElec   .            q - +1 cloak
rCorr   .            i - +2 pair of gloves
SInv    .            C - +2 pair of boots {Stlth+}
Will    +....        I - amulet of guardian spirit Stlth
                     d - ring of positive energy
HPRegen 0.41/turn    y - +5 ring of evasion
MPRegen 0.13/turn

%: guardian spirit
@: sleeping
A: horns 2, retaliatory headbutt
a: Renounce Religion, Berserk, Trog's Hand, Brothers in Arms


You were on level 5 of the Lair of Beasts.
You worshipped Trog.
Trog was extremely pleased with you.
You visited 2 branches of the dungeon, and saw 17 of its levels.

You collected 1116 gold pieces.
You spent 624 gold pieces at shops.

Inventory:

Hand Weapons
 a - a +3 battleaxe of venom
 b - a +0 orcbow
 f - a +4 eveningstar
 w - a +2 heavy hand axe
 G - a +2 heavy war axe (weapon)
Missiles
 k - 4 throwing nets
 A - 16 poisoned darts (quivered)
Armour
 i - a +2 pair of gloves (worn)
 q - a +1 cloak (worn)
 u - a +1 chain mail
 C - a +2 pair of boots of stealth (worn)
 H - a +3 plate armour of poison resistance (worn)
Jewellery
 d - a ring of positive energy (left hand)
 y - a +5 ring of evasion (right hand)
 D - an amulet of regeneration
 I - an amulet of guardian spirit (around neck)
 J - a ring of flight
 L - a ring of poison resistance
Wands
 m - a wand of flame (14)
 n - a wand of iceblast (17)
 t - a wand of acid (1)
 v - a wand of paralysis (3)
 E - a wand of mindburst (6)
 O - a wand of polymorph (4)
Scrolls
 p - 3 scrolls of identify
 r - 5 scrolls of revelation
 z - 4 scrolls of teleportation
 F - a scroll of vulnerability
 K - a scroll of brand weapon
 N - a scroll of poison
Potions
 c - a potion of ambrosia
 e - 3 potions of attraction
 h - a potion of brilliance
 j - 2 potions of haste
 l - 4 potions of mutation
 o - 4 potions of curing
 s - 2 potions of lignification
 M - 2 potions of cancellation


   Skills:
 + Level 12.6 Fighting
 - Level 16.4 Axes
 + Level 9.4 Ranged Weapons
 + Level 8.9 Throwing
 + Level 12.1 Armour
 * Level 10.8 Dodging
 + Level 5.5 Evocations


You had 13 spell levels left.
You didn't know any spells.
Your spell library was empty.

Dungeon Overview and Level Annotations

Branches:
Dungeon (12/15)            Temple (0/1) D:6            Lair (5/5) D:8
  Swamp (0/4) Lair:2        Snake (0/4) Lair:3        Slime (0/5) Lair:4
    Orc: D:9-12

Altars:
Cheibriados
Gozag
Hepliaklqana
Qazlal
Sif Muna
Uskayaw
Jiyva

Shops:
D:8 [[:   D:11 (


Innate Abilities, Weirdness & Mutations

You have a pair of horns on your head.
You reflexively headbutt those who attack you in melee.


Message History

As you read the scroll of fear, it crumbles to dust.
You assume a fearsome visage.
The cane toad looks frightened! x2; The skyshark is unaffected.
The eight-headed hydra looks frightened!
The dream sheep looks frightened!
The dream sheep stampedes away.
The dream sheep looks frightened!
The dream sheep bleats in terror.
The dream sheep looks frightened!
The dream sheep is struck with panic!
The dream sheep looks frightened!
The dream sheep panics and turns to flee.
The dream sheep looks frightened!
The dream sheep bleats in terror.
The dream sheep looks frightened!
A frightened dream sheep leaps away.
A nearby plant withers and dies.
The skyshark barely misses you.
The skyshark tail-slaps you but does no damage.
The skyshark closely misses you.
You closely miss the skyshark.
The skyshark is heavily wounded.
The skyshark misses you. The skyshark closely misses you.
The skyshark tail-slaps you. The skyshark bites you!
The skyshark tail-slaps you but does no damage. x2
You closely miss the skyshark.
You headbutt the skyshark, but do no damage.
The skyshark is heavily wounded.
The skyshark bites you!
* * * LOW HITPOINT WARNING * * *
The skyshark tail-slaps you but does no damage.
The skyshark tail-slaps you.
* * * LOW HITPOINT WARNING * * *
You slice the skyshark!! Your headbutt misses the skyshark.
The skyshark is severely wounded.
The skyshark bites you but does no damage.
The skyshark closely misses you. The skyshark barely misses you.
The dream sheep shake their wool and sparkle.
You feel drowsy...
You fall asleep.
The skyshark bites you!!!
You die...

............#...#††........†###
........P#.#.P..####.#....†...##
.........###.....#
##...<......## .......#.#
#...#.# #...........# ......####
##....## #..#.~~≈P.### ..P...#
###...###..#♣♣~~~♣♣ ..##...#
#..#.....# ♣♣..♣ ...#####
#........# ♣.~♣ ...# ##@....#.#
.~♣♣ .. #...F#...# ♣.≈.
#.........# ♣♣.~ ..Y......P#...
.. ..D....(..#...# ♣≈
..Y###.((## ..# ... ....P .# Y.
#.F..


You could see a skyshark (berserk, poisoned), an eight-headed hydra (fleeing), a
cane toad (fleeing) and 3 dream sheep.

Vanquished Creatures
  Kirke (Lair:3)
  A fire dragon (D:9)
  Josephine (D:10)
  A centaur warrior (D:9)
  4 hydras
  4 two-headed ogres
  7 death yaks
  A tengu warrior (D:11)
  Urug (D:11)
  A skyshark (Lair:5)
  2 spriggan druids (Lair:2)
  A faun (Lair:1)
  2 ugly things (D:11)
  15 elephants
  4 black mambas
  Joseph (D:9)
  2 gargoyles (D:11)
  13 cane toads
  4 rime drakes
  An unseen horror (D:11)
  Maggie (D:9)
  4 kobold demonologists (D:11)
  Jeremiah (D:9)
  10 komodo dragons
  4 polar bears (Lair:1)
  3 trolls
  2 hornets
  13 blink frogs
  6 dream sheep (Lair:3)
  5 slime creatures (D:12)
  A shadow (D:9)
  7 wraiths (D:10)
  36 yaks
  5 wyverns
  2 basilisks (Lair:4)
  7 hogs (Lair:3)
  2 steam dragons
  4 vampire mosquitoes (D:12)
  Menkaure (D:5)
  2 nagas (Lair:3)
  Edmund (D:5)
  12 water moccasins
  8 black bears
  3 orc warriors
  A sky beast (D:7)
  11 wolves
  6 boggarts
  2 ogres
  4 centaurs
  A phantom (D:6)
  7 kobold brigands
  A gnoll sergeant (D:9)
  9 bullfrogs
  A scorpion (D:5)
  14 wights
  11 killer bees
  4 howler monkeys
  3 hounds
  2 jellies
  Crazy Yiuf (D:4)
  2 gnoll boudas
  3 orc priests
  Ijyb (D:4)
  3 iguanas (D:5)
  17 orc wizards
  Natasha (thrice) (D:3)
  15 gnolls
  6 adders
  3 shadow imps
  2 white imps
  A worm (D:4)
  3 dart slugs
  37 orcs
  5 ball pythons
  3 bats
  4 endoplasms
  A giant cockroach (D:1)
  12 hobgoblins
  9 jackals
  3 quokkas
  3 frilled lizards
  4 goblins
  23 kobolds
  3 rats
451 creatures vanquished.

Notes
Turn   | Place    | Note
-------+----------+-------------------------------------------
     0 | D:1      | holymoly the Minotaur Berserker began the quest for the
                  | Orb.
     0 | D:1      | Reached XP level 1. HP: 19/19 MP: 0/0
   282 | D:1      | Reached XP level 2. HP: 27/27 MP: 1/1
   558 | D:1      | Reached skill level 4 in Axes
   631 | D:2      | Reached ** piety under Trog
   632 | D:2      | Reached XP level 3. HP: 33/33 MP: 2/2
  1427 | D:3      | Noticed Natasha
  1443 | D:3      | Killed Natasha
  1444 | D:3      | Reached XP level 4. HP: 31/41 MP: 3/3
  1472 | D:3      | Noticed Natasha
  1479 | D:3      | Killed Natasha
  1693 | D:3      | Reached XP level 5. HP: 43/47 MP: 4/4
  1976 | D:3      | Noticed Natasha
  1983 | D:3      | Killed Natasha
  2365 | D:3      | Found a faded altar of an unknown god.
  2729 | D:4      | Noticed Ijyb
  2740 | D:4      | Killed Ijyb
  2741 | D:4      | Reached skill level 5 in Fighting
  2741 | D:4      | Reached skill level 5 in Axes
  3225 | D:4      | Reached *** piety under Trog
  3302 | D:4      | Found a shimmering blue altar of Sif Muna.
  3307 | D:4      | Found a hazy altar of Hepliaklqana.
  3313 | D:4      | Found a stormy altar of Qazlal.
  3341 | D:4      | Noticed a black bear
  3354 | D:4      | Killed a black bear
  3355 | D:4      | Reached XP level 6. HP: 43/56 MP: 5/5
  3933 | D:4      | Noticed an orc warrior
  3961 | D:4      | Killed an orc warrior
  4447 | D:4      | Found a runed translucent door.
  4448 | D:4      | Noticed Crazy Yiuf
  4668 | D:4      | Killed Crazy Yiuf
  4669 | D:4      | Reached skill level 5 in Armour
  4854 | D:5      | Entered Level 5 of the Dungeon
  4879 | D:5      | Reached XP level 7. HP: 56/62 MP: 6/6
  5023 | D:5      | Reached skill level 6 in Axes
  5424 | D:5      | Reached skill level 5 in Dodging
  5524 | D:5      | Noticed Menkaure
  5530 | D:5      | Killed Menkaure
  5903 | D:5      | Noticed Edmund
  5919 | D:5      | Killed Edmund
  5920 | D:5      | Reached XP level 8. HP: 19/71 MP: 7/7
  7054 | D:6      | Reached skill level 1 in Ranged Weapons
  7107 | D:6      | Reached skill level 7 in Axes
  7107 | D:6      | Reached skill level 1 in Throwing
  7217 | D:6      | Found a snail-covered altar of Cheibriados.
  7499 | D:6      | Found a staircase to the Ecumenical Temple.
  8807 | D:7      | Reached skill level 8 in Axes
  8810 | D:7      | Reached XP level 9. HP: 57/79 MP: 8/8
 10790 | D:8      | Found Zorhifeh's Armour Boutique.
 10835 | D:8      | Found Zoypur's Antique Armour Emporium.
 10921 | D:8      | Reached skill level 9 in Axes
 10978 | D:8      | Identified the +1 ring mail of the Byakko {*Corrode +Blink
                  | Slay+6}
 10990 | D:8      | Found Dadu Fas's Book Emporium.
 11108 | D:8      | Found a staircase to the Lair.
 11479 | D:8      | Reached **** piety under Trog
 11581 | D:8      | Reached skill level 10 in Axes
 11602 | D:8      | Reached XP level 10. HP: 61/89 MP: 9/9
 12460 | D:9      | Noticed Jeremiah
 12470 | D:9      | Killed Jeremiah
 12739 | D:9      | Noticed Maggie
 12750 | D:9      | Killed Maggie
 12891 | D:9      | Reached skill level 11 in Axes
 12893 | D:9      | Reached skill level 5 in Throwing
 12907 | D:9      | Found a hide-covered altar of Uskayaw.
 12911 | D:9      | Noticed a two-headed ogre
 12920 | D:9      | Killed a two-headed ogre
 12921 | D:9      | Reached skill level 5 in Ranged Weapons
 12928 | D:9      | Noticed a +0 dagger
 12929 | D:9      | Noticed a +0 hand axe
 13532 | D:9      | Reached XP level 11. HP: 34/99 MP: 10/10
 13540 | D:9      | Reached skill level 12 in Axes
 14184 | D:9      | Noticed a centaur warrior
 14187 | D:9      | Noticed a two-headed ogre
 14204 | D:9      | Noticed Joseph
 14216 | D:9      | Killed Joseph
 14257 | D:9      | Killed a centaur warrior
 14262 | D:9      | Killed a two-headed ogre
 14263 | D:9      | Reached skill level 10 in Fighting
 14630 | D:9      | Noticed a fire dragon
 14643 | D:9      | Killed a fire dragon
 16235 | D:10     | Entered Level 10 of the Dungeon
 16235 | D:10     | Noticed Josephine
 16769 | D:10     | Noticed a two-headed ogre
 16781 | D:10     | Killed a two-headed ogre
 16782 | D:10     | Reached skill level 1 in Evocations
 17204 | D:8      | Bought a glowing plate armour for 624 gold pieces
 17253 | D:10     | Found an opulent altar of Gozag.
 17507 | D:10     | Reached skill level 13 in Axes
 17559 | D:10     | Reached skill level 10 in Armour
 17577 | D:10     | Killed Josephine
 18507 | D:11     | Noticed a cyan ugly thing
 18517 | D:11     | Killed a cyan ugly thing
 18653 | D:11     | Noticed Urug
 18663 | D:11     | Reached XP level 12. HP: 108/108 MP: 11/11
 18668 | D:11     | Killed Urug
 19087 | D:11     | Paralysed by a boggart for 5 turns
 19253 | D:11     | Found an opulent altar of Gozag.
 19288 | D:11     | Noticed a two-headed ogre
 19295 | D:11     | Killed a two-headed ogre
 19648 | D:11     | Noticed a tengu warrior
 19656 | D:11     | Killed a tengu warrior
 19814 | D:11     | Found Wutiask's Weapon Emporium.
 19992 | D:12     | Reached skill level 14 in Axes
 20311 | Lair:1   | Entered Level 1 of the Lair of Beasts
 20480 | Lair:1   | Reached ***** piety under Trog
 20502 | Lair:1   | Reached skill level 15 in Axes
 20691 | Lair:1   | Reached XP level 13. HP: 92/116 MP: 12/12
 20743 | Lair:1   | Reached skill level 16 in Axes
 20965 | Lair:1   | Received a gift from Trog
 21941 | Lair:2   | Identified the +6 scale mail of Midnight {*Slow rC++ Slay+3
                  | Stlth+}
 22574 | Lair:2   | Found a staircase to the Swamp.
 23042 | Lair:3   | Noticed Kirke
 23071 | Lair:3   | Killed Kirke
 23421 | Lair:3   | Found a staircase to the Snake Pit.
 24049 | Lair:4   | Reached skill level 10 in Dodging
 24049 | Lair:4   | Reached XP level 14. HP: 51/126 MP: 5/13
 24292 | Lair:4   | Found a viscous altar of Jiyva.
 24293 | Lair:4   | Found a staircase to the Slime Pits.
 24359 | Lair:4   | Reached skill level 5 in Evocations
 25495 | Lair:5   | Entered Level 5 of the Lair of Beasts
 25878 | Lair:5   | Annihilated by a skyshark

Illustrated notes

Levels and vault maps discovered:
D:1:      lemuel_arrival_muddy, layout_basic
D:2:      layout_basic, serial_curves, eino_curves_02, eino_curves_02,
          nicolae_the_louvre
D:3:      layout_basic, hellmonk_ecumenical_altar_prayer_group,
          minmay_misc_feat_tiny, dk_vineyard_3, uniq_natasha
D:4:      layout_loops_ring, minitemple, nicolae_nh_ransacked_shop, uniq_ijyb,
          uniq_crazy_yiuf_cottage
D:5:      layout_basic, uniq_menkaure, uniq_edmund
D:6:      layout_rooms, lemuel_round_altar, minmay_temple_entry_hall,
          small_statue_intersection
D:7:      layout_cave_pods
D:8:      layout_basic, dpeg_oklobed_lair, serial_shops,
          nicolae_book_shop_shelving, nicolae_shop_peninsula, shop
D:9:      layout_irregular_city, dancing_weapons_uskayaw,
          minmay_mirror_moons_of_madness, uniq_jeremiah, uniq_maggie,
          uniq_joseph
D:10:     layout_loops_ring, nicolae_gozag_seed_capital,
          minmay_increasing_density, uniq_josephine
D:11:     layout_stronghold, serial_shops, nicolae_shop_back_alley_shop,
          corexii_hall_statues_l, kennysheep_pointless_box,
          minmay_ruined_shrine, uniq_urug
D:12:     layout_layer_cave, erik_orc_1, uniq_fannar
Lair:1:   beast_lair_carwin_large_3, layout_long_grid, gauntlet_entry_generic,
          grunt_forest_large_clearings, grunt_megastairs_3
Lair:2:   layout_loops_ring, mainiacjoe_swamp_entry_angry_trees,
          grunt_megastairs_2
Lair:3:   layout_misc_corridors, guppyfry_snake_entry_garden, uniq_kirke
Lair:4:   layout_small_grid, slime_entry_1
Lair:5:   guppyfry_lair_end_dragon, layout_misc_corridors, wormcave,
          dpeg_oklob_1

Skill      XL: |  1  2  3  4  5  6  7  8  9 10 11 12 13 14 |
---------------+-------------------------------------------+-----
Fighting       | 4 5 6 7 8 9 10 11 12 | 12.6
Axes           | 4 5 6 8 10 11 13 15 16 | 16.4
Armour         | 3 4 5 6 8 9 10 11 12 | 12.1
Dodging        | 3 4 5 6 7 10 | 10.8
Ranged Weapons | 2 3 5 6 7 8 9 |  9.4
Throwing       | 2 4 5 6 7 8 |  8.9
Evocations     | 2 3 4 5 |  5.5

Action                     |  1- 3 |  4- 6 |  7- 9 | 10-12 | 13-15 || total
---------------------------+-------+-------+-------+-------+-------++-------
  Melee: Hand axe          |    83 |   135 |   164 |       |       ||   382
         Headbutt          |    13 |    15 |    38 |    88 |    58 ||   212
         Punch             |       |     3 |       |       |     1 ||     4
         Battleaxe         |       |       |    67 |   406 |    31 ||   504
         War axe           |       |       |       |       |   241 ||   241
   Fire: Orcbow            |       |     4 |     9 |       |       ||    13
  Throw: Dart              |       |       |    32 |    77 |    44 ||   153
 Invoke: Berserk           |       |     2 |     2 |     2 |     1 ||     7
         Trog's Hand       |       |       |     1 |     2 |       ||     3
  Evoke: Wand              |       |       |     2 |    26 |       ||    28
    Use: Scroll            |     2 |     8 |    10 |    10 |     5 ||    35
         Potion            |       |       |     4 |     7 |     2 ||    13
   Stab: Paralysed         |       |       |     3 |     3 |       ||     6
         Invisible         |       |       |     2 |       |       ||     2
 Armour: Animal skin       |     6 |       |       |       |       ||     6
         Ring mail         |    53 |    85 |       |       |       ||   138
         Chain mail        |       |     9 |   192 |   133 |       ||   334
         Plate armour      |       |       |       |   252 |   426 ||   678
  Dodge: Dodged            |    55 |    80 |   174 |   360 |   350 ||  1019

Table legend: (Time is in decaauts)
 A = Elapsed time spent in this place.
 B = Non-inter-level travel time spent in this place.
 C = Inter-level travel time spent in this place.
 D = Time resting spent in this place.
 E = Time spent auto-exploring this place.
 F = Levels seen in this place.
 G = Mean time per level.
                   A        B        C        D        E       F      G
               +--------+--------+--------+--------+--------+-----+--------+
         Total |  26071 |  19753 |   6318 |   9272 |   7237 |  17 | 1533.6 |
       Dungeon |  20482 |  15656 |   4826 |   8051 |   5191 |  12 | 1706.8 |
          Lair |   5588 |   4096 |   1492 |   1221 |   2046 |   5 | 1117.6 |
               +--------+--------+--------+--------+--------+-----+--------+

Top non-repeatable levels by time:
     D:9: 4172 daAuts
     D:4: 2282 daAuts
     D:5: 2215 daAuts
     D:7: 2090 daAuts
     D:8: 1964 daAuts
    D:10: 1817 daAuts
     D:6: 1697 daAuts
  Lair:4: 1667 daAuts
    D:11: 1566 daAuts
  Lair:2: 1353 daAuts
     D:3: 1211 daAuts
  Lair:3: 1127 daAuts
  Lair:1: 1049 daAuts
     D:2: 783 daAuts
     D:1: 606 daAuts
